 Dungeon Crawl Stone Soup version 0.21.1-1-g345015fe64 (webtiles) character file.

241 JarielCorvus the Skirmisher (level 5, 0/48 HPs)
             Began as a Draconian Berserker on July 8, 2018.
             Was a Believer of Trog.
             Killed by nerve-wracking pain
             ... invoked by an orc priest
              (7 damage)
             ... on level 4 of the Dungeon.
             The game lasted 00:07:13 (2830 turns).

JarielCorvus the Skirmisher (Draconian Berserker)   Turns: 2830, Time: 00:07:13

Health: 0/48       AC:  7    Str: 20    XL:     5   Next: 80%
Magic:  5/5        EV: 13    Int:  7    God:    Trog [**....]
Gold:   192        SH:  0    Dex: 11    Spells: 4/4 levels left

rFire    . . .     SeeInvis .   a - +0 falchion
rCold    . . .     Gourm    .   (no shield)
rNeg     . . .     Faith    .   (armour unavailable)
rPois    .         Spirit   .   h - +2 hat
rElec    .         Reflect  .   (no cloak)
rCorr    .         Harm     .   (no gloves)
MR       .....                  (no boots)
Stlth    +.........             (no amulet)
HPRegen  0.16/turn              f - ring of flight
MPRegen  0.09/turn              (no ring)

@: no status effects
A: unfitting armour, cold-blooded, AC +5
a: Berserk, Trog's Hand, Burn Spellbooks, Renounce Religion, Evoke Flight


You were on level 4 of the Dungeon.
You worshipped Trog.
Trog was pleased with you.
You were not hungry.

You visited 1 branch of the dungeon, and saw 4 of its levels.

You collected 192 gold pieces.

Inventory:

Hand Weapons
 a - a +0 falchion (weapon)
Missiles
 l - 27 sling bullets
Armour
 h - a +2 hat (worn)
Jewellery
 f - a ring of flight (left hand)
 j - an uncursed ring of fire {unknown}
 m - an uncursed ring of stealth {unknown}
 o - a +3 ring of strength {unknown}
 p - an uncursed ring of protection from cold {unknown}
Wands
 r - a wand of digging (12)
Scrolls
 e - 4 scrolls of remove curse
 i - a scroll of fog {unknown}
 k - a scroll of enchant armour {unknown}
 q - a scroll of identify {unknown}
Potions
 c - 3 potions of degeneration {unknown}
 d - a potion of berserk rage {unknown}
 g - a potion of agility {unknown}
 n - a potion of ambrosia {unknown}
Comestibles
 b - 4 rations


   Skills:
 * Level 5.2 Fighting
 + Level 3.9 Long Blades
 * Level 4.3 Dodging


You had 4 spell levels left.
You didn't know any spells.

Dungeon Overview and Level Annotations

Branches:
Dungeon (4/15)
 Temple: D:4-7

Altars:
Dithmenos
Hepliaklqana
Okawaru
Vehumet


Innate Abilities, Weirdness & Mutations

Your plain brown scales are hard. (AC +5)
You cannot fit into any form of body armour.
You are cold-blooded and may be slowed by cold attacks.


Message History

Items here: )))) [ †††† You barely miss the orc priest.
The orc priest hits you with a dagger.
You hit the orc priest but do no damage.
Your tail-slap misses the orc priest.
The orc priest hits you but does no damage.
You closely miss the orc priest.
The orc priest invokes the aid of Beogh against you.
Beogh smites you!
* * * LOW HITPOINT WARNING * * *
You barely miss the orc priest.
You tail-slap the orc priest, but do no damage.
The orc priest hits you but does no damage. x2
You hit the orc priest.
The orc priest is moderately wounded.
The orc priest hits you but does no damage.
You hit the orc priest but do no damage.
The orc priest is moderately wounded.
The orc priest invokes the aid of Beogh against you.
Pain shoots through your body!
You die...

## .# # .# . .# .# .#
##.### .#### .....#
....## #######.....#.
.....# #.....@o......
.##..######.#####)....##
.##.........# ...$..#
.##<.#############.....#
.##.>##.................
.##.....##########......
###....## ...<# #[##.#
#.### ###.##.####


You could see an orc priest.

Vanquished Creatures
  A phantom (D:4)
  A worker ant (D:3)
  4 gnolls (D:3)
  2 adders
  An ooze (D:3)
  3 worms
  A dart slug (D:3)
  A leopard gecko (D:1)
  4 orcs (D:4)
  A ball python (D:2)
  6 bats
  3 giant cockroaches
  3 hobgoblins
  3 jackals
  3 kobolds (D:1)
  3 quokkas
  2 frilled lizards (D:1)
  7 goblins
  8 rats
57 creatures vanquished.

Notes
Turn   | Place    | Note
-------+----------+-------------------------------------------
     0 | D:1      | JarielCorvus the Draconian Berserker began the quest for the Orb.
     0 | D:1      | Reached XP level 1. HP: 19/19 MP: 1/1
   100 | D:1      | Reached XP level 2. HP: 26/26 MP: 2/2
   535 | D:1      | Reached ** piety under Trog
   969 | D:2      | Reached XP level 3. HP: 27/33 MP: 3/3
  1066 | D:2      | Reached skill level 4 in Fighting
  1273 | D:2      | Found a shadowy altar of Dithmenos.
  1483 | D:3      | Reached XP level 4. HP: 23/41 MP: 4/4
  1834 | D:3      | Found an iron altar of Okawaru.
  2041 | D:3      | Reached XP level 5. HP: 21/47 MP: 5/5
  2648 | D:4      | Found a radiant altar of Vehumet.
  2720 | D:4      | Noticed a phantom
  2745 | D:4      | Killed a phantom
  2745 | D:4      | Reached skill level 5 in Fighting
  2767 | D:4      | Found a hazy altar of Hepliaklqana.
  2830 | D:4      | Killed from afar by an orc priest

Skill      XL: |  1  2  3  4  5 |
---------------+----------------+-----
Dodging        | 3 4 |  4.3
Fighting       | 4 5 |  5.2
Long Blades    | |  3.9

Action                   |  1- 3 |  4- 6 || total
-------------------------+-------+-------++-------
Melee: Falchion          |    88 |    83 ||   171
       Tailslap          |    14 |    17 ||    31
  Use: Scroll            |     4 |       ||     4
 Stab: Sleeping          |     1 |       ||     1
  Eat: Chunk             |     2 |     1 ||     3
       Ration            |       |     1 ||     1
Armor: Skin              |    30 |    37 ||    67
Dodge: Dodged            |    68 |    79 ||   147
       Rpst.: Falchion   |    23 |    21 ||    44
